details: 'disc hack 5 nov24'

« prev index next »

General information

Mini Map

Players

team 1
NightElfdIRTMCWORDUp (yellow | 56 APM | 219 actions | 03:56)
Hero icon 1 Demon Hunter
Ability icon 1 Mana Burn

» actions
Assign group hotkey5
Basic commands10
Build / train15
ESC pressed1
Enter build submenu7
Enter hero's abilities submenu1
Right click62
Select / deselect45
Select group hotkey60
Use ability13
219 total
» units
Wisp9
Archer4
13 total
» buildings
Altar of Elders1
Moon Well3
Hunter's Hall1
Ancient of War2
7 total
» build order
00:05 Altar of Elders
00:16 Moon Well
01:24 Hunter's Hall
01:43 Ancient of War
02:03 Moon Well
02:10 Moon Well
02:56 Ancient of War
Random» Humaniggy_the_fisk (purple | 102 APM | 400 actions | 03:54)
Hero icon 1 Archmage
Ability icon 1 Summon Water Elemental

» actions
Assign group hotkey15
Basic commands6
Build / train18
Enter build submenu8
Enter hero's abilities submenu1
Right click238
Select / deselect72
Select group hotkey29
Use ability13
400 total
» units
Peasant10
Footman4
Rifleman1
15 total
» buildings
Altar of Kings1
Barracks1
Farm3
Blacksmith1
Scout Tower1
Arcane Tower1
8 total
» build order
00:03 Altar of Kings
00:18 Barracks
00:27 Farm
00:30 Farm
01:45 Farm
02:33 Blacksmith
02:49 Scout Tower
03:18 Arcane Tower
HumanMata. (teal | 105 APM | 410 actions | 03:54)
Hero icon 1 Archmage
Ability icon 1 Summon Water Elemental

» actions
Assign group hotkey49
Build / train24
Enter build submenu9
Enter hero's abilities submenu1
Remove unit from queue2
Right click180
Select / deselect87
Select group hotkey37
Use ability21
410 total
» units
Peasant8
Footman7
15 total
» buildings
Altar of Kings1
Barracks1
Farm5
Keep3
Lumber Mill1
11 total
» build order
00:05 Altar of Kings
00:21 Barracks
00:23 Farm
01:05 Farm
01:55 Farm
03:00 Keep
03:00 Keep
03:16 Lumber Mill
03:27 Farm
03:30 Farm
team 2
UndeadCRUSTY.WAFFlE (red | 45 APM | 176 actions | 03:54)
Hero icon 1 Death Knight
Ability icon 1 Death Coil

» actions
Assign group hotkey18
Build / train11
Enter build submenu19
Enter hero's abilities submenu1
Right click46
Select / deselect45
Select group hotkey16
Use ability20
176 total
» units
Acolyte2
Ghoul3
5 total
» buildings
Halls of the Dead1
Crypt5
Ziggurat6
Altar of Darkness1
Nerubian Tower1
Graveyard1
Black Citadel1
Sacrificial Pit1
Tomb of Relics1
18 total
» build order
00:33 Halls of the Dead
00:46 Crypt
00:47 Ziggurat
01:19 Crypt
01:35 Altar of Darkness
01:37 Ziggurat
02:07 Ziggurat
02:25 Crypt
02:26 Crypt
02:30 Nerubian Tower
02:33 Graveyard
02:36 Crypt
02:46 Ziggurat
02:53 Ziggurat
02:55 Ziggurat
03:17 Black Citadel
03:28 Sacrificial Pit
03:36 Tomb of Relics
OrcRANDOM.WAFFLE (orange | 41 APM | 161 actions | 03:54)
Hero icon 1 Blademaster
Ability icon 1 Wind Walk

» actions
Assign group hotkey1
Build / train18
Enter build submenu4
Enter hero's abilities submenu1
Right click72
Select / deselect52
Select group hotkey2
Use ability11
161 total
» units
Peon9
9 total
» buildings
Altar of Storms1
Orc Burrow1
Voodoo Lounge1
3 total
» build order
00:18 Altar of Storms
00:34 Orc Burrow
01:51 Voodoo Lounge
» items
Healing Salve2
Lesser Clarity Potion1
3 total
OrcSHABBY.WAFFlE (pink | 31 APM | 123 actions | 03:54)
Hero icon 1 Blademaster
Ability icon 1 Wind Walk

» actions
Build / train15
Enter build submenu2
Enter hero's abilities submenu1
Right click80
Select / deselect20
Use ability5
123 total
» units
Peon10
10 total
» buildings
Altar of Storms1
Orc Burrow1
2 total
» build order
00:08 Altar of Storms
00:12 Orc Burrow

Chat log

(00:07 / Allies) iggy_the_fisk: we are gonna get banned
(00:11 / Allies) iggy_the_fisk: for some kind of wintrading
(00:12 / Allies) dIRTMCWORDUp: these guys 1-0-6
(00:13 / Allies) Mata.: haha
(00:27 / Allies) dIRTMCWORDUp: they are number 20
(00:29 / Allies) dIRTMCWORDUp: so far
(00:32 / Allies) Mata.: yo i know blizzard sometimes obses tourns
(00:39 / Allies) Mata.: if you're in here blizzard
(00:45 / Allies) Mata.: do something about this pleaze
(00:53 / Allies) dIRTMCWORDUp: guy who coded mirror image never contacted us
(00:58 / Allies) Mata.: yeah that too
(01:02 / Allies) dIRTMCWORDUp: what the heck
(01:03 / Allies) Mata.: post in my thread pleaze blizzard
(01:10 / Allies) dIRTMCWORDUp: man
(01:11 / Allies) iggy_the_fisk: mata made me do it
(01:13 / Allies) dIRTMCWORDUp: moon well
(01:14 / Allies) dIRTMCWORDUp: and altar
(01:16 / Allies) iggy_the_fisk: lemme keep my lizard
(01:17 / Allies) dIRTMCWORDUp: were timed perfectly
(01:20 / Allies) dIRTMCWORDUp: exact same time
(01:28 / Allies) Mata.: going castder
(01:31 / All) dIRTMCWORDUp: what is strat this time
(01:35 / Allies) dIRTMCWORDUp: going hunts and winning.
(01:37 / Allies) Mata.: ggy
(01:38 / All) RANDOM.WAFFLE: mass acos
(01:42 / Allies) Mata.: iggy tech to rifle or hawk
(01:48 / All) Mata.: finally you speak
(01:52 / All) Mata.: what's up bro
(01:53 / All) dIRTMCWORDUp: do you guys honestly think you wont get banned
(01:59 / All) dIRTMCWORDUp: or are you just trolling the tourament.
(02:20 / Allies) iggy_the_fisk: techo
(02:21 / Allies) dIRTMCWORDUp: garg
(02:22 / Allies) dIRTMCWORDUp: feed
(02:34 / Allies) Mata.: cancelling expo
(02:37 / Allies) Mata.: teching for gyro
(02:49 / Allies) Mata.: harass his feeders
(02:52 / Allies) dIRTMCWORDUp: trying
(02:53 / Allies) dIRTMCWORDUp: massing archer
(03:06 / Allies) Mata.: iggy get rifle yeh
(03:11 / Allies) Mata.: wow
(03:24 / Allies) Mata.: lets go iggmeister
(03:31 / Allies) dIRTMCWORDUp: dont share